TOP OF THE 1ST |
Gryfindor Braves batting - Pitching for Hialeah Dodos : RHP Thad Floyd
|
Pitching: RHP Thad Floyd
|
|
Batting: RHB Jong-duk Kim
|
0-0: Ball 1-0: Called Strike 1-1: Fly out, F5 (Popup, 25F)
|
Batting: RHB António Santana
|
0-0: Ball 1-0: Ground out U3 (Groundball, 3)
|
Batting: RHB Manuel González
|
0-0: Swinging Strike 0-1: Foul Ball, location: 2F 0-2: Ball 1-2: Ball 2-2: Strikes out swinging
|
Top of the 1st over - 0 run(s), 0 hit(s), 0 error(s), 0 left on base; Gryfindor 0 - Hialeah 0 |
BOTTOM OF THE 1ST |
Hialeah Dodos batting - Pitching for Gryfindor Braves : RHP Sandro So Payo
|
Pitching: RHP Sandro So Payo
|
|
Batting: RHB Herman Cook
|
0-0: Called Strike 0-1: SINGLE (Groundball, 56D)
|
Batting: RHB Roosevelt Gibson
|
0-0: Called Strike 0-1: Ball 1-1: Ball 2-1: Foul Ball, location: 2F 2-2: SINGLE (Line Drive, 4MD) Herman Cook to second
|
Batting: LHB Bill Griffin
|
0-0: Called Strike 0-1: Ball 1-1: Ball 2-1: Called Strike 2-2: Strikes out swinging
|
Batting: RHB Mitch Jensen
|
0-0: Ball 1-0: Grounds into double play, 5-4-3 (Groundball, 56)
|
Bottom of the 1st over - 0 run(s), 2 hit(s), 0 error(s), 1 left on base; Gryfindor 0 - Hialeah 0 |
TOP OF THE 2ND |
Gryfindor Braves batting - Pitching for Hialeah Dodos : RHP Thad Floyd
|
Batting: RHB Jim Unknown
|
0-0: Ball 1-0: Ball 2-0: Ball 3-0: Called Strike 3-1: Foul Ball, location: 2F 3-2: Base on Balls
|
Batting: RHB Jim Unknown
|
0-0: Ball 1-0: SINGLE (Groundball, 25) (infield hit) Jim Unknown to second
|
Batting: RHB Jim Unknown
|
0-0: Ball 1-0: Ball 2-0: Called Strike 2-1: Fly out, F8 (Flyball, 8LM)
|
Batting: LHB Jim Unknown
|
0-0: Ball 1-0: Ball 2-0: Ball 3-0: Base on Balls Jim Unknown to third Jim Unknown to second
|
Batting: RHB José Casarreal
|
0-0: Ball 1-0: Swinging Strike 1-1: Ball 2-1: Foul Ball, location: 2F 2-2: Fly out, F8 (Line Drive, 8LM) Runner from 3rd tags up, SCORES, throw made
|
Batting: LHB Jim Unknown
|
0-0: Foul Ball, location: 2F 0-1: Ball 1-1: Ball 2-1: Foul Ball, location: 2F 2-2: Strikes out swinging
|
Top of the 2nd over - 1 run(s), 1 hit(s), 0 error(s), 2 left on base; Gryfindor 1 - Hialeah 0 |
BOTTOM OF THE 2ND |
Hialeah Dodos batting - Pitching for Gryfindor Braves : RHP Sandro So Payo
|
Batting: RHB Brian King
|
0-0: Fly out, F9 (Flyball, 89M)
|
Batting: RHB Ji-chol Yang
|
0-0: Fly out, F7 (Popup, 6D)
|
Batting: RHB Ares Jilavian
|
0-0: Ball 1-0: Ball 2-0: Ball 3-0: Called Strike 3-1: Foul Ball, location: 2F 3-2: Foul Ball, location: 2F 3-2: Foul Ball, location: 2F 3-2: Base on Balls
|
Batting: RHB Luis Trujillo
|
0-0: Called Strike 0-1: DOUBLE (Flyball, 78D) Ares Jilavian to third Runner from 3rd tries for Home, SAFE, throw made home
|
Batting: RHB Reece White
|
0-0: Called Strike 0-1: Ball 1-1: Ball 2-1: Ball 3-1: Fly out, F5 (Line Drive, 5)
|
Bottom of the 2nd over - 1 run(s), 1 hit(s), 0 error(s), 1 left on base; Gryfindor 1 - Hialeah 1 |
TOP OF THE 3RD |
Gryfindor Braves batting - Pitching for Hialeah Dodos : RHP Thad Floyd
|
Batting: RHB Jong-duk Kim
|
0-0: Foul Ball, location: 2F 0-1: Called Strike 0-2: Ball 1-2: Ground out 5-3 (Groundball, 5S)
|
Batting: RHB António Santana
|
0-0: Called Strike 0-1: Ball 1-1: Ball 2-1: Swinging Strike 2-2: Strikes out swinging
|
Batting: RHB Manuel González
|
0-0: Fly out, F7 (Flyball, 7LM)
|
Top of the 3rd over - 0 run(s), 0 hit(s), 0 error(s), 0 left on base; Gryfindor 1 - Hialeah 1 |
BOTTOM OF THE 3RD |
Hialeah Dodos batting - Pitching for Gryfindor Braves : RHP Sandro So Payo
|
Batting: RHB Herman Cook
|
0-0: Ball 1-0: Ball 2-0: Foul Ball, location: 2F 2-1: Ground out 6-3 (Groundball, 6M)
|
Batting: RHB Roosevelt Gibson
|
0-0: Ball 1-0: Called Strike 1-1: Swinging Strike 1-2: Foul Ball, location: 2F 1-2: Strikes out looking
|
Batting: LHB Bill Griffin
|
0-0: Called Strike 0-1: Ball 1-1: Ground out 6-3 (Groundball, 6M)
|
Bottom of the 3rd over - 0 run(s), 0 hit(s), 0 error(s), 0 left on base; Gryfindor 1 - Hialeah 1 |
TOP OF THE 4TH |
Gryfindor Braves batting - Pitching for Hialeah Dodos : RHP Thad Floyd
|
Batting: RHB Jim Unknown
|
0-0: Ball 1-0: Fly out, F8 (Flyball, 8LXD)
|
Batting: RHB Jim Unknown
|
0-0: Called Strike 0-1: Ball 1-1: Ground out 6-3 (Groundball, 6M)
|
Batting: RHB Jim Unknown
|
0-0: Called Strike 0-1: Foul Ball, location: 2F 0-2: Ball 1-2: Strikes out looking
|
Top of the 4th over - 0 run(s), 0 hit(s), 0 error(s), 0 left on base; Gryfindor 1 - Hialeah 1 |
BOTTOM OF THE 4TH |
Hialeah Dodos batting - Pitching for Gryfindor Braves : RHP Sandro So Payo
|
Batting: RHB Mitch Jensen
|
0-0: Called Strike 0-1: Called Strike 0-2: SINGLE (Line Drive, 6D)
|
Batting: RHB Brian King
|
0-0: Ball 1-0: Called Strike 1-1: Foul Ball, location: 2F 1-2: Ball 2-2: Foul Ball, location: 2F 2-2: Ball Wild Pitch! Mitch Jensen to second 3-2: Foul Ball, location: 2F 3-2: Strikes out swinging
|
Batting: RHB Ji-chol Yang
|
0-0: Ball 1-0: Ground out 6-3 (Groundball, 6M) Mitch Jensen to third
|
Batting: RHB Ares Jilavian
|
0-0: Ball 1-0: Called Strike 1-1: Ground out 5-3 (Groundball, 56S)
|
Bottom of the 4th over - 0 run(s), 1 hit(s), 0 error(s), 1 left on base; Gryfindor 1 - Hialeah 1 |
TOP OF THE 5TH |
Gryfindor Braves batting - Pitching for Hialeah Dodos : RHP Thad Floyd
|
Batting: LHB Jim Unknown
|
0-0: Ball 1-0: Ball 2-0: Ball 3-0: Base on Balls
|
Batting: RHB José Casarreal
|
0-0: Ball 1-0: Called Strike 1-1: Foul Ball, location: 2F 1-2: Ball 2-2: Grounds into double play, 3-6-3 (Groundball, 3)
|
Batting: LHB Jim Unknown
|
0-0: Ball 1-0: Ball 2-0: Called Strike 2-1: Ball 3-1: Called Strike 3-2: Ground out 6-3 (Groundball, 6)
|
Top of the 5th over - 0 run(s), 0 hit(s), 0 error(s), 0 left on base; Gryfindor 1 - Hialeah 1 |
BOTTOM OF THE 5TH |
Hialeah Dodos batting - Pitching for Gryfindor Braves : RHP Sandro So Payo
|
Batting: RHB Luis Trujillo
|
0-0: Called Strike 0-1: Foul Ball, location: 2F 0-2: Ball 1-2: Ball 2-2: Foul Ball, location: 2F 2-2: Ground out 5-3 (Groundball, 56S)
|
Batting: RHB Reece White
|
0-0: Ball 1-0: Swinging Strike 1-1: Ball 2-1: Fly out, F6 (Popup, 7LS)
|
Batting: RHB Herman Cook
|
0-0: Called Strike 0-1: Ball 1-1: Foul Ball, location: 2F 1-2: Ground out 5-3 (Groundball, 56)
|
Bottom of the 5th over - 0 run(s), 0 hit(s), 0 error(s), 0 left on base; Gryfindor 1 - Hialeah 1 |
TOP OF THE 6TH |
Gryfindor Braves batting - Pitching for Hialeah Dodos : RHP Thad Floyd
|
Batting: RHB Jong-duk Kim
|
0-0: Fly out, F8 (Flyball, 8RS)
|
Batting: RHB António Santana
|
0-0: Ball 1-0: Ball 2-0: SINGLE (Groundball, 6M)
|
Batting: RHB Manuel González
|
0-0: Called Strike 0-1: Ball 1-1: Ball 2-1: Ball 3-1: Base on Balls António Santana to second
|
Batting: RHB Jim Unknown
|
0-0: Called Strike 0-1: Swinging Strike 0-2: Ball 1-2: Fly out, F8 (Flyball, 8RXD) Runner from 2nd tags up, SAFE at 3rd, no throw
|
Pitching: RHP Claudio Cruz
|
|
Batting: RHB Jim Unknown
|
0-0: Called Strike 0-1: Ball 1-1: Ground out 6-3 (Groundball, 6)
|
Top of the 6th over - 0 run(s), 1 hit(s), 0 error(s), 2 left on base; Gryfindor 1 - Hialeah 1 |
BOTTOM OF THE 6TH |
Hialeah Dodos batting - Pitching for Gryfindor Braves : RHP Sandro So Payo
|
Batting: RHB Roosevelt Gibson
|
0-0: Swinging Strike 0-1: Ball 1-1: Ball 2-1: Ball 3-1: Foul Ball, location: 2F 3-2: Reached on error, E6 (Groundball, 6)
|
Batting: LHB Bill Griffin
|
0-0: Swinging Strike 0-1: Ball 1-1: Ball 2-1: Fly out, F7 (Flyball, 7LM)
|
Pitching: RHP Mike Pinhey
|
|
Batting: RHB Mitch Jensen
|
0-0: Foul Ball, location: 2F 0-1: Ball 1-1: Ball 2-1: Foul Ball, location: 2F 2-2: Foul Ball, location: 2F 2-2: Ball 3-2: Foul Ball, location: 2F 3-2: Foul Ball, location: 2F 3-2: Base on Balls Roosevelt Gibson to second
|
Batting: RHB Brian King
|
0-0: Called Strike 0-1: Swinging Strike 0-2: Ball 1-2: Foul Ball, location: 2F 1-2: Ball 2-2: Ball Wild Pitch! Roosevelt Gibson to third Mitch Jensen to second 3-2: Fly out, F6 (Line Drive, 6D)
|
Batting: RHB Ji-chol Yang
|
0-0: Called Strike 0-1: Ball 1-1: Hit by Pitch
|
Batting: RHB Ares Jilavian
|
0-0: Foul Ball, location: 2F 0-1: SINGLE (Flyball, 9S) Roosevelt Gibson scores Mitch Jensen to third Ji-chol Yang to second Runner from 3rd tries for Home, SAFE, throw made home Ji-chol Yang to third Ares Jilavian to second
|
Batting: RHB Luis Trujillo
|
0-0: Ball 1-0: 3-RUN HOME RUN (Flyball, 7D), Distance : 391 ft
|
Batting: RHB Reece White
|
0-0: Called Strike 0-1: Ground out 6-3 (Groundball, 6)
|
Bottom of the 6th over - 5 run(s), 2 hit(s), 1 error(s), 0 left on base; Gryfindor 1 - Hialeah 6 |
TOP OF THE 7TH |
Gryfindor Braves batting - Pitching for Hialeah Dodos : RHP Claudio Cruz
|
Batting: RHB Jim Unknown
|
0-0: SINGLE (Line Drive, 4MD)
|
Batting: LHB Jim Unknown
|
0-0: Ball 1-0: Grounds into double play, 1-6-3 (Groundball, 13)
|
Batting: RHB José Casarreal
|
0-0: Ball 1-0: Foul Ball, location: 2F 1-1: Foul Ball, location: 2F 1-2: Ball 2-2: Foul Ball, location: 2F 2-2: Foul Ball, location: 2F 2-2: Ball 3-2: Strikes out swinging
|
Top of the 7th over - 0 run(s), 1 hit(s), 0 error(s), 0 left on base; Gryfindor 1 - Hialeah 6 |
BOTTOM OF THE 7TH |
Hialeah Dodos batting - Pitching for Gryfindor Braves : RHP Mike Pinhey
|
Pitching: RHP Jeffrey Chase
|
|
Batting: RHB Herman Cook
|
0-0: SOLO HOME RUN (Flyball, 7D), Distance : 375 ft
|
Batting: RHB Roosevelt Gibson
|
0-0: Called Strike 0-1: Ball 1-1: Reached on error, E6 (Groundball, 6)
|
Batting: LHB Bill Griffin
|
0-0: Ball 1-0: Swinging Strike 1-1: Ball 2-1: DOUBLE (Line Drive, 9D) Roosevelt Gibson to third
|
Batting: RHB Mitch Jensen
|
0-0: Called Strike 0-1: Swinging Strike 0-2: Ball 1-2: Ground out 6-3 (Groundball, 6) Roosevelt Gibson scores
|
Batting: RHB Brian King
|
0-0: Called Strike 0-1: Ball 1-1: Ball 2-1: SINGLE (Groundball, 56D) (infield hit) Bill Griffin to third
|
Batting: RHB Ji-chol Yang
|
0-0: Called Strike Brian King steals 2nd base 0-1: Ball 1-1: Ball 2-1: Foul Ball, location: 2F 2-2: Foul Ball, location: 2F 2-2: Fly out, F8 (Popup, 8RM)
|
Batting: RHB Ares Jilavian
|
0-0: Called Strike 0-1: Fly out, F5 (Popup, 5L)
|
Bottom of the 7th over - 2 run(s), 3 hit(s), 1 error(s), 2 left on base; Gryfindor 1 - Hialeah 8 |
TOP OF THE 8TH |
Gryfindor Braves batting - Pitching for Hialeah Dodos : RHP Claudio Cruz
|
Batting: LHB Jim Unknown
|
0-0: Ball 1-0: Ball 2-0: Ball 3-0: Base on Balls
|
Batting: RHB Jong-duk Kim
|
0-0: Ball Single, Error in OF, E9, batter to second base Jim Unknown to third
|
Batting: RHB António Santana
|
0-0: Foul Ball, location: 2F 0-1: Foul Ball, location: 2F 0-2: Ball 1-2: Ground out 5-3 (Groundball, 56S) Jim Unknown scores Jong-duk Kim to third
|
Batting: RHB Manuel González
|
0-0: Ground out 6-3 (Groundball, 6) Jong-duk Kim scores
|
Batting: RHB Jim Unknown
|
0-0: Called Strike 0-1: Ball 1-1: Ground out 1-3 (Groundball, 13)
|
Top of the 8th over - 2 run(s), 1 hit(s), 1 error(s), 0 left on base; Gryfindor 3 - Hialeah 8 |
BOTTOM OF THE 8TH |
Hialeah Dodos batting - Pitching for Gryfindor Braves : RHP Jeffrey Chase
|
Batting: RHB Luis Trujillo
|
0-0: Foul Ball, location: 2F 0-1: Called Strike 0-2: Reached on error, E6 (Groundball, 6M)
|
Batting: RHB Reece White
|
0-0: Ball 1-0: Foul Ball, location: 2F 1-1: Ball 2-1: Called Strike 2-2: Fly out, F7 (Flyball, 78M)
|
Batting: RHB Herman Cook
|
0-0: SINGLE (Groundball, 6MD) Luis Trujillo to second Runner from 2nd tries for 3rd, SAFE, throw made to third
|
Batting: RHB Roosevelt Gibson
|
0-0: Ball 1-0: Ball 2-0: Swinging Strike 2-1: Ball 3-1: Fly out, F9 (Flyball, 9S)
|
Batting: LHB Bill Griffin
|
0-0: Ball 1-0: Called Strike 1-1: Called Strike 1-2: Fly out, F5 (Popup, 5L)
|
Bottom of the 8th over - 0 run(s), 1 hit(s), 1 error(s), 2 left on base; Gryfindor 3 - Hialeah 8 |
TOP OF THE 9TH |
Gryfindor Braves batting - Pitching for Hialeah Dodos : RHP Claudio Cruz
|
Pitching: RHP Martin Benthall
|
|
Batting: RHB Jim Unknown
|
0-0: Ball 1-0: Fly out, F7 (Flyball, 78M)
|
Batting: RHB Jim Unknown
|
0-0: Called Strike 0-1: Ball 1-1: Ball 2-1: Ball 3-1: Foul Ball, location: 2F 3-2: Foul Ball, location: 2F 3-2: Foul Ball, location: 2F 3-2: Foul Ball, location: 2F 3-2: Ground out 6-3 (Groundball, 6)
|
Batting: LHB Jim Unknown
|
0-0: Ball 1-0: Foul Ball, location: 2F 1-1: Fly out, F9 (Flyball, 89M)
|
Top of the 9th over - 0 run(s), 0 hit(s), 0 error(s), 0 left on base; Gryfindor 3 - Hialeah 8 |
|